 Dungeon Crawl Stone Soup version 0.28-a0-2-g643f2454ad (webtiles) character file.

Game seed: 16550908778517914150

40 lunkers the Sneak (level 3, -3/28 HPs)
             Began as a Vampire Delver on July 22, 2021.
             Slain by a scorpion (7 damage)
             ... on level 3 of the Dungeon.
             The game lasted 00:02:28 (552 turns).

lunkers the Sneak (Vampire Delver)                   Turns: 552, Time: 00:02:29

Health: -3/28      AC:  3    Str: 11    XL:     3   Next: 30%
Magic:  3/3        EV: 12    Int: 12    God:
Gold:   23         SH:  0    Dex: 16    Spells: 2/2 levels left

rFire   . . .      SeeInvis +   a - +0 short sword
rCold   . . .      Faith    .   (no shield)
rNeg    . . .      Spirit   .   b - +0 leather armour
rPois   .          Reflect  .   (no helmet)
rElec   .          Harm     .   (no cloak)
rCorr   .          Rampage  .   (no gloves)
Will    .....                   (no boots)
Stlth   ++++......              (no amulet)
HPRegen 0.29/turn               (no ring)
MPRegen 0.08/turn               (no ring)

@: healing quickly
A: alive, fangs 3, see invisible, vampiric 2
a: Exsanguinate


You were on level 3 of the Dungeon.
You visited 1 branch of the dungeon, and saw 3 of its levels.

You collected 23 gold pieces.

Inventory:

Hand Weapons
 a - a +0 short sword (weapon)
Armour
 b - a +0 leather armour (worn)
Wands
 g - a wand of digging (3)
Scrolls
 c - a scroll of fog
 d - a scroll of magic mapping
 e - a scroll of fear
 j - a scroll of identify {unknown}
 k - a scroll of amnesia {unknown}
 l - a scroll of brand weapon {unknown}
Potions
 f - a potion of haste
 h - a potion of heal wounds {unknown}


   Skills:
 - Level 2.6 Fighting
 * Level 3.6 Short Blades
 - Level 2.1 Dodging
 + Level 7.8 Stealth


You had 2 spell levels left.
You didn't know any spells.
Your spell library was empty.

Dungeon Overview and Level Annotations

Branches:
Dungeon (5/15)
 Temple: D:4-7

Altars:


Innate Abilities, Weirdness & Mutations

Your natural rate of healing is accelerated.
You have razor-sharp teeth.
You have supernaturally acute eyesight. (SInv)
You are afflicted with vampirism and can become a bat while bloodless.


Message History

You kill the giant cockroach!
You hit the scorpion but do no damage. The scorpion stings you.
You hit the scorpion but do no damage. The scorpion completely misses you.
You closely miss the scorpion. You bite the scorpion.
The scorpion is lightly wounded.
The scorpion stings you.
You hit the scorpion but do no damage.
The scorpion is lightly wounded.
The scorpion stings you.
The scorpion stings you but does no damage.
You closely miss the scorpion.
The scorpion is lightly wounded.
The scorpion stings you but does no damage.
You closely miss the scorpion.
The scorpion is lightly wounded.
The scorpion stings you.
* * * LOW HITPOINT WARNING * * *
You hit the scorpion but do no damage.
The scorpion is lightly wounded.
The scorpion stings you.
* * * LOW HITPOINT WARNING * * *
Okay, then.
Toss (no damage): wand of paralysis (14)
Press: ? - help, Shift-Dir - straight line, f - scorpion
Aim: a scorpion (lightly wounded, 60% to hit)
You toss away a wand of paralysis (14).
The wand of paralysis (14) hits the scorpion but does no damage.
The scorpion is lightly wounded.
The scorpion closely misses you. The scorpion stings you!
* * * LOW HITPOINT WARNING * * *
Okay, then.
What are your orders? t - Shout!
Orders for allies: a - Attack new target. p - Attack previous target. r - Retreat! s - Stop attacking. g - Guard the area. f - Follow me.
Anything else - Cancel.
Okay, then.
The scorpion stings you!
You die...

#.....##.##.o..
#.##..#.........#.
#.##......#.#.s...
#.##.#..#.# #.#.##
#.##......###...#
#.##.#........###
#.#..#####.#.##
#.#/## #...# #@#.#
##### #s#.# #...#
#####


You could see a scorpion.

Vanquished Creatures
  A howler monkey (D:4)
  An endoplasm (D:4)
  2 giant cockroaches
  A frilled lizard (D:3)
5 creatures vanquished.

Vanquished Creatures (others)
  A fungus (D:5)
1 creature vanquished.

Grand Total: 6 creatures vanquished

Notes
Turn   | Place    | Note
-------+----------+-------------------------------------------
     0 | D:5      | lunkers the Vampire Delver began the quest for the Orb.
     0 | D:5      | Reached XP level 1. HP: 17/17 MP: 1/1
   140 | D:4      | Noticed an orc wizard
   322 | D:4      | Noticed an orc priest
   433 | D:4      | Noticed a howler monkey
   445 | D:4      | Killed a howler monkey
   446 | D:4      | Reached XP level 2. HP: 16/23 MP: 2/2
   446 | D:4      | Gained mutation: You are afflicted with vampirism and can
                  | become a bat while bloodless. [Vampire growth]
   446 | D:4      | Reached XP level 3. HP: 20/28 MP: 3/3
   513 | D:3      | Noticed a scorpion
   552 | D:3      | Slain by a scorpion

Illustrated notes

Levels and vault maps discovered:
D:3:      layout_loops_ring, gammafunk_ghost_grave, minmay_fractal_squares_5
D:4:      layout_layer_cave, minmay_temple_entry_nine_rooms
D:5:      layout_loops_ring, tgw_xom, nicolae_tso_besieged_by_evil,
          mainiacjoe_overflow_catch_the_wave, uniq_sigmund, uniq_duvessa,
          uniq_menkaure

Skill      XL: |  1 |
---------------+----+-----
Short Blades   | 3 |  3.6
Fighting       | |  2.6
Dodging        | |  2.1
Stealth        | |  7.8

Action                   || total
-------------------------++-------
Melee: Short sword       ||    25
       Bite              ||     4
 Stab: Distracted        ||     1
Armor: Leather armour    ||     3
Dodge: Dodged            ||    13

Table legend: (Time is in decaauts)
 A = Elapsed time spent in this place.
 B = Non-inter-level travel time spent in this place.
 C = Inter-level travel time spent in this place.
 D = Time resting spent in this place.
 E = Time spent auto-exploring this place.
 F = Levels seen in this place.
 G = Mean time per level.
                   A        B        C        D        E       F      G
               +--------+--------+--------+--------+--------+-----+--------+
         Total |    550 |    546 |      4 |      7 |    296 |   3 |  183.3 |
       Dungeon |    550 |    546 |      4 |      7 |    296 |   3 |  183.3 |
               +--------+--------+--------+--------+--------+-----+--------+

Top non-repeatable levels by time:
     D:4: 392 daAuts
     D:3: 79 daAuts
     D:5: 79 daAuts
